 Dungeon Sprint DCSS version 0.17.1-3-g152610e (webtiles) character file.

10 GFox the Grave Robber (level 3, -6/28 HPs)
             Began as a Deep Dwarf Necromancer on Feb 23, 2016.
             Killed by a malign offering
             ... invoked by a deep elf priest
              (13 damage)
             ... in the Dungeon (Sprint VI: "Thunderdome").
             The game lasted 00:15:33 (374 turns).

GFox the Grave Robber (Deep Dwarf Necromancer)       Turns: 374, Time: 00:15:33

Health: -6/28      AC:  2    Str: 11    XL:     3   Next: 33%
Magic:  4/7        EV: 13    Int: 16    God:    Xom [..*...]
Gold:   230        SH:  0    Dex: 13    Spells: 2 memorised, 5 levels left

rFire  . . .     SeeInvis .     (no weapon)
rCold  . . .     Clarity  .     a - +0 robe
rNeg   . . .     SustAt   .     (no shield)
rPois  .         Gourm    .     (no helmet)
rElec  .         Spirit   .     (no cloak)
rCorr  .         Warding  .     (no gloves)
rMut   .         NoTele   +     (no boots)
MR     .....                    (no amulet)
Stlth  ++........               (no ring)
                                (no ring)

@: non-regenerating, not resistant to hostile enchantments, unstealthy
A: damage resistance, recharge devices, sense surroundings 1, slow regeneration
3
a: Device Recharging, Renounce Religion


You were in the Dungeon.
You worshipped Xom.
You were a toy of Xom.
You were very full.

You visited 1 branch You collected 230 gold pieces.

Inventory:

Armour
 a - a +0 robe (worn)
Wands
 c - a wand of heal wounds (4)
 k - a wand of cold (4)
 l - a wand of fire (3)
Scrolls
 j - 3 scrolls of blinking
 m - 2 scrolls of fog
Potions
 e - a potion of curing
 f - 4 potions of heal wounds
 g - 4 potions of haste
 h - 2 potions of magic
 i - a potion of berserk rage
 n - a potion of resistance
Books
 b - a book of Necromancy

   Spells                             Type                      Level
   a - Pain                           Necromancy                   1
   b - Animate Skeleton               Necromancy                   1
   c - Vampiric Draining              Necromancy                   3
   d - Regeneration                   Charms/Necromancy            3
   e - Animate Dead                   Necromancy                   4
   f - Control Undead                 Necromancy                   4


   Skills:
 + Level 2.9 Dodging
 + Level 3.4 Stealth
 + Level 2.8 Spellcasting
 + Level 7.4 Necromancy
 + Level 0.3 Evocations


You had 5 spell levels left.
You knew the following spells:

 Your Spells              Type           Power        Failure   Level  Hunger
a - Pain                  Necr           ####         1%          1    #......
b - Animate Skeleton      Necr           N/A          1%          1    #......


Dungeon Overview and Level Annotations

Branches:
Dungeon (1/1)

Altars:
Cheibriados
Dithmenos
Fedhas
Gozag
Kikubaaqudgha
Makhleb
Okawaru
Qazlal
Ru
Sif Muna
Trog
Vehumet
Xom
Yredelemnul
Zin
The Shining One
Jiyva
Lugonu

Shops:
D *[%??*?*:[((!!!!


Innate Abilities, Weirdness & Mutations

You are resistant to damage.
You can recharge devices by infusing magical energy.
You passively map a small area around you.
You do not regenerate naturally.


Message History

Confirm with . or Enter, or press ? or * to list all spells.
You can't see any susceptible monsters within range! (Use Z to cast anyway.)
The deep elf priest shoots an arrow.
The arrow closely misses your butterfly.
The arrow barely misses you.
The deep elf priest shoots an arrow.
The arrow hits your butterfly!
Your butterfly dies!
The deep elf priest shoots an arrow.
The arrow hits you!
* * * LOW HITPOINT WARNING * * *
You see here an arrow.
The deep elf priest shoots an arrow.
The arrow hits you.
* * * LOW HITPOINT WARNING * * *
You see here an arrow.
Casting: Pain
Confirm with . or Enter, or press ? or * to list all spells.
You can't see any susceptible monsters within range! (Use Z to cast anyway.)
The deep elf priest utters a dark prayer and points at you.
Your life force is offered up.
You die...
Xom giggles madly!

###∩........8.# #.8........∩
##.............###...........
#⌠..........###...###........
#⌠..........# #.<.# #........
#⌠..........###...###........
##.............###...........
###∩........8.# #.8........∩
##∩.__......###......_._∩#
######.8@...b....8.######
#⌠...b.......⌠#
###.(.......### #_.......b#
#_(.b...._# #.........#
#∩.......∩# ##∩.(e..∩##
##.....##


You could see a deep elf priest.

Vanquished Creatures
  A jelly (D)
  3 oozes (D)
4 creatures vanquished.

Notes
Turn   | Place    | Note
--------------------------------------------------------------
     0 | D        | GFox the Deep Dwarf Necromancer began the quest for the Orb.
     0 | D        | Reached XP level 1. HP: 15/15 MP: 3/3
     3 | D        | Learned a level 1 spell: Animate Skeleton
     4 | D        | Found a shadowy altar of Dithmenos.
     4 | D        | Found a glowing silver altar of Zin.
     5 | D        | Round 1.
     6 | D        | Found an ancient bone altar of Kikubaaqudgha.
     6 | D        | Found a corrupted altar of Lugonu.
     8 | D        | Found a shimmering altar of Xom.
     8 | D        | Found a bloodstained altar of Trog.
    10 | D        | Found a viscous altar of Jiyva.
    10 | D        | Found an opulent altar of Gozag.
    21 | D        | Found a stormy altar of Qazlal.
    21 | D        | Found a sacrificial altar of Ru.
    24 | D        | Reached skill level 5 in Necromancy
    25 | D        | Found Jayl's Identification Station.
    25 | D        | Found a glowing golden altar of the Shining One.
    25 | D        | Found Apteis's Bee Food.
    26 | D        | Found Homoycug's Advanced Armour.
    26 | D        | Found Ocaashra's Jewellery.
    55 | D        | Found a deep blue altar of Sif Muna.
    58 | D        | Found an iron altar of Okawaru.
    58 | D        | Found Jausmomu's Magic Scroll Shop.
    58 | D        | Found Mynemnua's Magic Scroll Shop.
    59 | D        | Found Caxizao's Must-Have Magic.
    65 | D        | Found Noadaff's Staff Store.
    65 | D        | Found a blossoming altar of Fedhas.
   159 | D        | Arena points: 2 (+2) [x1]
   169 | D        | Found a snail-covered altar of Cheibriados.
   172 | D        | Found a basalt altar of Yredelemnul.
   172 | D        | Found Litaaske's Distillery.
   172 | D        | Found Isupn's Distillery.
   173 | D        | Found Qeyq's Bottled Wisdom.
   174 | D        | Round 2.
   176 | D        | Found a burning altar of Makhleb.
   176 | D        | Found Buatwo's Do-It-Yourself Clinic.
   196 | D        | Became a worshipper of Xom the Fickle
   198 | D        | Found a radiant altar of Vehumet.
   201 | D        | Found Nisix's Weapon Rack.
   201 | D        | Found Lytoydwo's Basic Armour.
   202 | D        | Found Edaceh's Miscellaneous Merchandise.
   208 | D        | Found Ydoid's Premium Goods.
   244 | D        | Reached XP level 2. HP: 16/22 MP: 0/5
   261 | D        | Reached skill level 6 in Necromancy
   287 | D        | Reached skill level 7 in Necromancy
   287 | D        | Reached XP level 3. HP: 20/28 MP: 4/7
   347 | D        | Arena points: 10 (+8) [x1]
   362 | D        | Round 3.
   363 | D        | Noticed a deep elf priest
   366 | D        | XOM: butterfly on damage
   374 | D        | Killed from afar by a deep elf priest

Action                   || total
-------------------------++-------
Melee: Unarmed           ||     2
 Cast: Pain              ||    10
Evoke: Wand              ||     4
  Use: Scroll            ||     2
  Eat: Bread ration      ||     1
